 Dungeon Crawl Stone Soup version 0.30-a0-918-g0ff054e9dc (webtiles) character file.

Game seed: 9990178659053442529

4 lunkers the Shield-Bearer (level 2, -2/26 HPs)
             Began as a Meteoran Fighter on Mar 20, 2023.
             Succumbed to a goblin's poison
             ... on level 1 of the Dungeon.
             The game lasted 00:00:40 (75 turns).

lunkers the Shield-Bearer (Meteoran Fighter)          Turns: 75, Time: 00:00:41

Health: -2/26      AC:  6    Str: 17    XL:     2   Next: 0%
Magic:  3/3        EV:  9    Int:  9    God:
Gold:   0          SH:  5    Dex: 13    Spells: 1/1 levels left

rFire   . . .      SeeInvis .    a - +0 long sword
rCold   . . .      Faith    .    c - +0 buckler
rNeg    . . .      Spirit   .    b - +0 scale mail
rPois   .          Reflect  .    (no helmet)
rElec   .          Rampage  .    (no cloak)
rCorr   .                        (no gloves)
Will    .....                    (no boots) Stlth
                                 (no amulet)
HPRegen 0.24/turn                (no ring)
MPRegen 0.08/turn                (no ring)

@: lethally poisoned (-2 -> -25), glowing
A: sense surroundings 1, otherworldly, glowing, explore regen
a: no special abilities


You were on level 1 of the Dungeon.
You visited 1 branch of the dungeon, and saw 1 of its levels.

Inventory:

Hand Weapons
 a - a +0 long sword (weapon)
Armour
 b - a +0 scale mail (worn)
 c - a +0 buckler (worn)
Potions
 d - a potion of might


   Skills:
 - Level 3.2 Fighting
 + Level 3.0 Long Blades
 - Level 3.6 Armour
 - Level 3.6 Shields


You had one spell level left.
You didn't know any spells.
Your spell library was empty.

Dungeon Overview and Level Annotations

Branches:
Dungeon (1/15) Zot: 519

Altars:


Innate Abilities, Weirdness & Mutations

You passively map a small area around you.
You are easily found by Zot.
You glow in the dark.
You regain HP and MP as you explore.


Message History

You miss the kobold.
The kobold is moderately wounded.
The kobold hits you with a +0 dagger.
The goblin hits you with a +0 dagger of venom.
You are poisoned.
You miss the kobold.
The kobold is moderately wounded.
You feel very sick. The kobold hits you but does no damage.
The goblin hits you with a +0 dagger of venom.
You are more poisoned.
The kobold hits you but does no damage. The goblin hits you but does no damage.
You barely miss the kobold.
The kobold is moderately wounded.
* * * LOW HITPOINT WARNING * * *
You feel very sick. The kobold hits you but does no damage.
The goblin closely misses you.
You closely miss the goblin.
* * * LOW HITPOINT WARNING * * *
You feel very sick. The kobold hits you with a +0 dagger.
* * * LOW HITPOINT WARNING * * *
The goblin barely misses you. The kobold attacks as you move away!
You block the kobold's attack.
* * * LOW HITPOINT WARNING * * *
You feel sick.
You see here a +0 dagger.
Okay, then.
You barely miss the kobold.
* * * LOW HITPOINT WARNING * * *
You feel sick. The kobold hits you but does no damage.
The goblin hits you but does no damage.
You are more poisoned.
The kobold hits you but does no damage.
The goblin hits you with a +0 dagger of venom.
* * * LOW HITPOINT WARNING * * *
You are more poisoned.
You slash the goblin!
You kill the goblin!
You die...

, , ~ * *
...#§..§§≈≈ ~ * ,
#..#....≈._ , * ,...
..§≈.§≈ *
#..#.§≈§≈≈≈, *
#.#.#§§§§§. , , ,
#.#...≈....
*#..######.#)..#....
, r.....)...@K...# *
,
#########.##.......
#.#*....... ,, , #.#
......., #.# .......
, #####.#*#......
#.....# ...... *
#.....#######..
#..............


You could see a kobold.

Vanquished Creatures
  4 goblins (D:1)
  A ball python (D:1)
5 creatures vanquished.

Notes
Turn   | Place    | Note
-------+----------+-------------------------------------------
     0 | D:1      | lunkers the Meteoran Fighter began the quest for the Orb.
     0 | D:1      | Reached XP level 1. HP: 19/19 MP: 2/2
    65 | D:1      | Reached XP level 2. HP: 26/26 MP: 3/3
    66 | D:1      | Found a faded altar of an unknown god.
    75 | D:1      | Succumbed to a goblin's poison

Illustrated notes

Levels and vault maps discovered:
D:1:      pf_arrival_petrified_forest, layout_basic,
          shapermc_ecumenical_altar_starsandcircs,
          chequers_hall_statues_corner_a

Skill      XL: |  1 |
---------------+----+-----
Long Blades    | 3 |  3.0
Fighting       | |  3.2
Armour         | |  3.6
Shields        | |  3.6

Action                     || total
---------------------------++-------
  Melee: Long sword        ||    17
 Armour: Scale mail        ||    13
  Dodge: Dodged            ||     5
  Block: Buckler           ||     2

Table legend: (Time is in decaauts)
 A = Elapsed time spent in this place.
 B = Non-inter-level travel time spent in this place.
 C = Inter-level travel time spent in this place.
 D = Time resting spent in this place.
 E = Time spent auto-exploring this place.
 F = Levels seen in this place.
 G = Mean time per level.
                   A        B        C        D        E       F      G
               +--------+--------+--------+--------+--------+-----+--------+
         Total |     80 |     77 |      3 |      0 |     43 |   1 |   80.0 |
       Dungeon |     80 |     77 |      3 |      0 |     43 |   1 |   80.0 |
               +--------+--------+--------+--------+--------+-----+--------+

Top non-repeatable levels by time:
     D:1: 80 daAuts
